 Dungeon Crawl Stone Soup version 0.18.1-1-g2f07953 (webtiles) character file.

4283 lorddaemon the Transmogrifier (level 10, -7/84 HPs)
             Began as a Black Draconian Transmuter on May 4, 2016.
             Was a Priest of Sif Muna.
             Mangled by a wraith (10 damage)
             ... led by Josephine
             ... on level 10 of the Dungeon on May 6, 2016.
             The game lasted 01:20:13 (9821 turns).

lorddaemon the Transmogrifier (DrTm)                Turns: 9821, Time: 01:20:13

Health: -7/84      AC:  2    Str: 14    XL:     10   Next: 10%
Magic:  17/19      EV: 22    Int: 14    God:    Sif Muna [***...]
Gold:   116        SH:  0    Dex: 16    Spells: 4 memorised, 10 levels left

rFire  . . .     SeeInvis .       - Unarmed
rCold  . . .     Gourm    .     (armour unavailable)
rNeg   . . .     Faith    .     (shield currently unavailable)
rPois  x         Spirit   .     (helmet currently unavailable)
rElec  .         Dismiss  .     (cloak currently unavailable)
rCorr  .         Reflect  .     (gloves currently unavailable)
SustAt .         Harm     .     (boots currently unavailable)
MR     .....                    e - amulet of magic regeneration
Stlth  +.........               (no ring)
                                (no ring)

@: spider-form, slowed, very slow, not resistant to hostile enchantments, very
unstealthy
A: (breathe lightning), unfitting armour, (stinger 0), blurry vision 1, dopey 1,
(electricity resistance), (cold-blooded), AC +7
a: End Transformation, Channel Energy, Renounce Religion


You were on level 10 of the Dungeon.
You worshipped Sif Muna.
Sif Muna was most pleased with you.
You were hungry.
You were a venomous arachnid creature.
You visited 2 branches of the dungeon, and saw 11 of its levels.

You collected 404 gold pieces.
You spent 288 gold pieces at shops.

Inventory:

Hand Weapons
 d - a +0 hunting sling
 g - a cursed -3 dagger
Missiles
 a - 111 arrows
 i - 192 stones (quivered)
Armour
 D - a +0 pair of boots (melded)
 G - a +0 cloak (melded)
 I - a +1 pair of gloves (melded)
Magical Staves
 H - an uncursed staff of summoning
Rods
 u - a +0 rod of inaccuracy (10/10)
   (You found it on level 6 of the Dungeon)
Jewellery
 e - an amulet of magic regeneration (around neck)
 z - an uncursed amulet of harm
Wands
 s - a wand of iceblast (6/15)
 v - a wand of paralysis (9/24)
 w - a wand of disintegration (0/24)
 E - a wand of random effects (28/48)
Scrolls
 f - a scroll of magic mapping {unknown}
 j - 4 scrolls of remove curse
 k - a scroll of teleportation {unknown}
 l - 4 scrolls of identify
 o - a scroll of noise {unknown}
 x - a scroll of random uselessness {unknown}
 y - a scroll of enchant weapon {unknown}
 A - a scroll of fog {unknown}
 B - a scroll of enchant armour
 C - a scroll of recharging {unknown}
Potions
 m - a potion of lignification {unknown}
 n - 2 potions of mutation
 p - a potion of cure mutation {unknown}
 r - a potion of flight
 t - a potion of might {unknown}
Books
 b - a book of Changes

   Spells                             Type                      Level
   a - Beastly Appendage              Transmutation                1
   b - Sticks to Snakes               Transmutation                2
   c - Spider Form                    Transmutation/Poison         3
   d - Ice Form                       Ice/Transmutation            4
   e - Blade Hands                    Transmutation                5


   Skills:
 + Level 6.3 Fighting
 + Level 4.1 Dodging
 + Level 6.6 Unarmed Combat
 * Level 6.4 Spellcasting
 * Level 8.6 Transmutations
 + Level 3.8 Poison Magic


You had 10 spell levels left.
You knew the following spells:

 Your Spells              Type           Power        Failure   Level  Hunger
a - Beastly Appendage     Trmt           ####..       3%          1    None
b - Sticks to Snakes      Trmt           ####....     4%          2    #......
c - Spider Form           Trmt/Pois      ###.......   14%         3    ###....
d - Blade Hands           Trmt           ####......   32%         5    ######.


Dungeon Overview and Level Annotations

Branches:
Dungeon (10/15)            Temple (1/1) D:4
   Lair: D:8-11         Orc: D:9-12

Altars:
Ashenzari
Cheibriados
Dithmenos
Elyvilon
Fedhas
Gozag
Kikubaaqudgha
Makhleb
Nemelex Xobeh
Okawaru
Pakellas
Ru
Sif Muna
Trog
Vehumet
Yredelemnul
Zin
The Shining One

Shops:
D:7 [

Annotations:
D:4 Menkaure, Sigmund


Innate Abilities, Weirdness & Mutations

((You can breathe wild blasts of lightning.))
((Your glossy black scales are hard (AC +7).))
Your body does not fit into most forms of armour.
((You are resistant to electric shocks.))
((You are cold-blooded and may be slowed by cold attacks.))
((Your tail ends in a poisonous barb.))
Scrolls take you a little longer to read.
You are dopey. (Int -2)


Message History

The wraith is moderately damaged.
The wraith completely misses you. x2
You hit the wraith but do no damage.
The wraith is moderately damaged.
The wraith misses you. The wraith hits you.
* * * LOW HITPOINT WARNING * * *
The wraith drains your vigour!
You feel as though you will be slow longer.
The wraith misses you.
You hit the wraith but do no damage.
The wraith is lightly damaged.
The wraith misses you. The wraith hits you!
* * * LOW HITPOINT WARNING * * *
The wraith drains your vigour!
You feel as though you will be slow longer.
The wraith barely misses you.
Read which item? (? for menu, Esc to quit)
Really read with blurry vision while enemies are nearby?
The wraith hits you!
You die...

#########
#sWW..#.#
#W#W#.#.#
#.#.#.#.#
#.#W#.#.# #####
#.#.#...# ####....
#.#.###.###.<..###
+.#.#...'...####
#.#.#.#######
..#...#


You could see 4 wraiths.

Vanquished Creatures
  A hippogriff (D:6)
  3 hungry ghosts
  A water moccasin (D:6)
  4 orc warriors
  A phantom (D:4)
  A sky beast (D:7)
  5 centaurs
  7 big kobolds
  4 giant frogs
  A gnoll sergeant (D:7)
  A wyvern zombie (D:6)
  4 wights (D:5)
  A howler monkey (D:5)
  6 crimson imps
  A giant frog zombie (D:4)
  4 hounds
  3 centaur zombies
  3 jellies
  5 orc wizards
  8 orc priests
  2 giant frog skeletons
  An iguana (D:5)
  7 worker ants
  A hound zombie (D:7)
  2 howler monkey zombies
  3 worker ant zombies (D:4)
  5 gnolls (D:7)
  A howler monkey skeleton (D:7)
  4 adders
  An ooze (D:2)
  An adder skeleton (D:6)
  2 adder zombies
  4 worms
  2 dart slugs
  A giant gecko (D:6)
  47 orcs
  6 bats (D:1)
  2 giant cockroaches
  5 goblins
  5 hobgoblins
  12 jackals
  2 quokkas
  3 ball pythons
  A giant gecko skeleton (D:4)
  3 giant gecko zombies (D:4)
  A giant newt (D:3)
  2 jackal zombies (D:4)
  13 kobolds
  7 rats
210 creatures vanquished.

Vanquished Creatures (collateral kills)
  Blork the orc (D:4)
  A water moccasin zombie (D:4)
  A centaur zombie (D:4)
  A quasit (D:6)
  An adder (D:4)
  2 adder skeletons (D:4)
  An orc (D:7)
  A giant cockroach (D:4)
  A kobold (D:6)
10 creatures vanquished.

Grand Total: 220 creatures vanquished

Notes
Turn   | Place    | Note
--------------------------------------------------------------
     0 | D:1      | lorddaemon the Draconian Transmuter began the quest for the Orb.
     0 | D:1      | Reached XP level 1. HP: 16/16 MP: 3/3
   291 | D:1      | Reached XP level 2. HP: 13/23 MP: 5/5
   435 | D:1      | Learned a level 2 spell: Sticks to Snakes
  1083 | D:1      | Reached XP level 3. HP: 28/28 MP: 6/6
  1103 | D:1      | Learned a level 3 spell: Spider Form
  1303 | D:2      | Found an oddly glowing altar of Pakellas.
  2041 | D:3      | Upgraded the game from 0.18-b1-22-ge198996 to 0.18.0-1-g0107ab7
  2100 | D:3      | Reached XP level 4. HP: 22/35 MP: 7/7
  2266 | D:3      | Reached skill level 1 in Poison Magic
  2369 | D:5      | Entered Level 5 of the Dungeon
  2508 | D:3      | Reached skill level 3 in Transmutations
  2617 | D:4      | Reached XP level 5. HP: 21/41 MP: 8/8
  2632 | D:4      | Upgraded the game from 0.18.0-1-g0107ab7 to 0.18.0-2-g198d6d4
  3346 | D:4      | Reached XP level 6. HP: 18/50 MP: 5/10
  3919 | D:4      | Noticed Blork the orc
  3935 | D:4      | Killed Blork the orc
  4006 | D:4      | Noticed Sigmund
  4144 | D:4      | Your scales start taking on a glossy black colour.
  4144 | D:4      | Reached XP level 7. HP: 35/57 MP: 5/12
  4144 | D:4      | Gained mutation: You are resistant to electric shocks. [Black Draconian growth]
  4350 | D:4      | Found a staircase to the Ecumenical Temple.
  4355 | Temple   | Entered the Ecumenical Temple
  4448 | Temple   | Became a worshipper of Sif Muna the Loreminder
  4559 | D:4      | Reached skill level 4 in Transmutations
  4757 | D:4      | Noticed Menkaure
  5318 | D:6      | Noticed a hippogriff
  5329 | D:6      | Killed a hippogriff
  5329 | D:6      | Reached skill level 5 in Unarmed Combat
  5329 | D:6      | Reached skill level 5 in Transmutations
  5329 | D:6      | Reached XP level 8. HP: 53/67 MP: 12/14
  5557 | D:5      | Reached * piety under Sif Muna
  5700 | D:5      | Reached skill level 5 in Fighting
  5918 | D:5      | Reached skill level 6 in Transmutations
  6269 | D:6      | Upgraded the game from 0.18.0-2-g198d6d4 to 0.18.1-1-g2f07953
  6306 | D:6      | Identified a +0 rod of inaccuracy (10/10) (You found it on level 6 of the Dungeon)
  6389 | D:6      | Reached skill level 5 in Spellcasting
  6830 | D:6      | Reached XP level 9. HP: 62/74 MP: 13/16
  6919 | D:7      | Reached ** piety under Sif Muna
  7090 | D:6      | Reached skill level 7 in Transmutations
  8269 | D:7      | Found Xoerch's Antique Armour Boutique.
  8314 | D:7      | Bought a pair of gloves for 144 gold pieces
  8314 | D:7      | Bought a pair of gloves for 144 gold pieces
  8414 | D:7      | Reached skill level 8 in Transmutations
  8535 | D:7      | Gained mutation: Your tail ends in a poisonous barb. [potion of mutation]
  8535 | D:7      | Gained mutation: Scrolls take you a little longer to read. [potion of mutation]
  8535 | D:7      | Gained mutation: You are dopey. (Int -2) [potion of mutation]
  8547 | D:7      | Learned a level 5 spell: Blade Hands
  9078 | D:8      | Reached *** piety under Sif Muna
  9109 | D:8      | Reached XP level 10. HP: 40/83 MP: 19/19
  9171 | D:8      | You fall through a shaft!
  9482 | D:9      | Noticed a gargoyle
  9495 | D:10     | Entered Level 10 of the Dungeon
  9537 | D:9      | HP: 1/84 [orc warrior/halberd (26)]
  9820 | D:10     | HP: 3/84 [wraith[Josephine] (9)]
  9821 | D:10     | Mangled by a wraith

Skill      XL: |  1  2  3  4  5  6  7  8  9 |
---------------+----------------------------+-----
Dodging        | 2 3 4 |  4.1
Poison Magic   | 1 3 |  3.8
Transmutations | 3 5 6 8 |  8.6
Fighting       | 2 3 4 5 6 |  6.3
Unarmed Combat | 4 5 6 |  6.6
Spellcasting   | 3 4 5 6 |  6.4

Action                   |  1- 3 |  4- 6 |  7- 9 | 10-12 || total
-------------------------+-------+-------+-------+-------++-------
Melee: Unarmed           |   146 |   223 |   551 |   100 ||  1020
       Tailslap          |    10 |    22 |    23 |     4 ||    59
       Punch             |     4 |     1 |     4 |     1 ||    10
       Kick              |     3 |    24 |    10 |       ||    37
       Headbutt          |     3 |     5 |     2 |     4 ||    14
 Cast: Beastly Appendage |    10 |    14 |     7 |     1 ||    32
       Sticks to Snakes  |       |    11 |    10 |     2 ||    23
       Spider Form       |       |     5 |    37 |     3 ||    45
       Blade Hands       |       |       |     1 |       ||     1
 Abil: Breathe Lightning |       |       |     2 |     1 ||     3
Evoke: Wand              |       |       |       |     2 ||     2
  Use: Potion            |     6 |       |     4 |     2 ||    12
       Scroll            |       |       |     3 |       ||     3
 Stab: Distracted        |     1 |     1 |       |       ||     2
  Eat: Chunk             |     4 |     3 |    14 |     2 ||    23
       Meat ration       |       |     1 |       |       ||     1
       Beef jerky        |       |       |     1 |       ||     1
       Bread ration      |       |       |     2 |       ||     2
       Fruit             |       |       |       |     4 ||     4
       Royal jelly       |       |       |       |     1 ||     1
Armor: Skin              |    46 |    42 |    83 |    24 ||   195
Dodge: Dodged            |    88 |   113 |   458 |    67 ||   726
